 Dungeon Crawl Stone Soup version bcrawl-1.26.1 (webtiles) character file.

Game seed: 972762717082128623

162822 Freyura the Sneak (level 4, -1/23 HPs)
             Began as a Spriggan Rogue on July 9, 2020.
             Slain by a worker ant (3 damage)
             ... on level 3 of the Dungeon on July 10, 2020.
             The game lasted 00:07:08 (1818 turns).

Freyura the Sneak (Spriggan Rogue)                  Turns: 1818, Time: 00:07:09

Health: -1/23      AC:  2    Str:  7    XL:     4   Next: 90%
Magic:  0/7        EV: 18    Int: 12    God:
Gold:   117        SH:  0    Dex: 18    Spells: 3/3 levels left

rFire    . . .     SeeInvis +   a - +2 dagger
rCold    . . .     Gourm    .   (shield restricted)
rNeg     . . .     Faith    .   c - +0 robe
rPois    .         Spirit   +   (helmet restricted)
rElec    +         Reflect  .   p - scarf {clouds}
rCorr    .         Harm     .   (gloves unavailable)
MR       .....                  (boots unavailable)
Stlth    ++++......             s - amulet of guardian spirit
HPRegen  0.07/turn              o - ring of insulation
MPRegen  0.10/turn              (no ring)

@: lethally poisoned (-1 -> -17), very quick
A: very small, unfitting armour, see invisible, herbivore, speed 3, slow
metabolism 2
a: Evoke Fog


You were on level 3 of the Dungeon.
You were not hungry.

You visited 1 branch of the dungeon, and saw 3 of its levels.

You collected 117 gold pieces.

Inventory:

Hand Weapons
 a - a +2 dagger (weapon)
 b - a +0 blowgun
Missiles
 h - 174 poisoned needles
Armour
 c - a +0 robe (worn)
 d - a +0 cloak
 p - a scarf of clouds (worn)
Jewellery
 o - a ring of insulation (left hand)
 r - the ring "Nemasih" {Ice Int+3}
   (You found it on level 2 of the Dungeon)

   [ring of ice]

   It enhances your ice magic.
   It affects your intelligence (+3).
   It makes you vulnerable to fire.
   It protects you from cold.
 s - an amulet of guardian spirit (around neck)
Wands
 f - a wand of flame (10)
 g - a wand of enslavement (15)
Scrolls
 i - 2 scrolls of identify
 k - 3 scrolls of remove curse {unknown}
 l - a scroll of magic mapping {unknown}
 m - a scroll of noise {unknown}
 n - a scroll of enchant armour {unknown}
 q - a scroll of immolation {unknown}
 t - a scroll of enchant weapon {unknown}
Comestibles
 e - 2 rations {!d}


   Skills:
 + Level 2.2 Fighting
 + Level 3.4 Short Blades
 + Level 2.6 Dodging
 * Level 7.9 Stealth
 + Level 3.0 Evocations


You had 3 spell levels left.
You didn't know any spells.
Your spell library was empty.

Dungeon Overview and Level Annotations

Branches:
Dungeon (3/12)

Altars:


Innate Abilities, Weirdness & Mutations

You are very small and have problems with some larger weapons.
You are too small for most types of armour.
You have supernaturally acute eyesight. (SInv)
You are a herbivore.
You cover ground extremely quickly.
You need to consume almost no food.


Message History

The worker ant is almost dead.
The worker ant closely misses you. The worker ant bites you.
You are lethally poisoned!
The worker ant poisons you!
You are too injured to fight recklessly!
You feel sick.
You hit the worker ant but do no damage.
The worker ant is almost dead.
The worker ant bites you.
You are more poisoned.
The worker ant poisons you!
You barely miss the worker ant.
The worker ant is almost dead.
You feel sick. The worker ant bites you.
* * * LOW HITPOINT WARNING * * *
You hit the worker ant.
The worker ant is almost dead.
* * * LOW HITPOINT WARNING * * *
You feel sick. The worker ant bites you.
You die...

#[##.# #####'##.#
#........#########
#........#.......#
#....<...'.......+
#........#.......#
#........#.......#
#........#.......##.####
#...............@a......
###################.####
#


You could see a worker ant.

Vanquished Creatures
  A scorpion (D:2)
  3 adders
  3 worms (D:2)
  4 leopard geckos
  2 giant cockroaches (D:2)
  10 hobgoblins
  6 kobolds
  A ball python (D:2)
  3 bats
  2 frilled lizards
  4 goblins
  A rat (D:1)
40 creatures vanquished.

Notes
Turn   | Place    | Note
-------+----------+-------------------------------------------
     0 | D:1      | Freyura the Spriggan Rogue began the quest for the Orb.
     0 | D:1      | Reached XP level 1. HP: 10/10 MP: 3/3
   329 | D:1      | Reached XP level 2. HP: 15/15 MP: 5/5
   428 | D:1      | Reached skill level 1 in Dodging
   564 | D:2      | Reached skill level 7 in Stealth
   634 | D:2      | Reached XP level 3. HP: 18/18 MP: 6/6
  1136 | D:2      | Got a serpentine wooden ring
  1138 | D:2      | Noticed a scorpion
  1141 | D:2      | Killed a scorpion
  1141 | D:2      | Reached XP level 4. HP: 23/23 MP: 7/7
  1574 | D:2      | Identified the ring "Nemasih" {Ice Int+3} (You found it on
                  | level 2 of the Dungeon)
  1818 | D:3      | Slain by a worker ant

Skill      XL: |  1  2  3 |
---------------+----------+-----
Dodging        | 1 2 |  2.6
Evocations     | 3 |  3.0
Stealth        | 7 |  7.9
Short Blades   | 3 |  3.4
Fighting       | 2 |  2.2

Action                   |  1- 3 |  4- 6 || total
-------------------------+-------+-------++-------
Melee: Dagger            |    82 |    42 ||   124
 Fire: Blowgun           |       |     4 ||     4
Evoke: Wand              |     2 |     3 ||     5
  Use: Scroll            |       |     2 ||     2
       Potion            |       |     1 ||     1
 Stab: Sleeping          |    13 |     3 ||    16
Armor: Robe              |    10 |     2 ||    12
Dodge: Dodged            |    40 |    24 ||    64
